TOP OF THE 1ST |
Milton Bills batting - Pitching for Augusta Timber Hawks : RHP Norm Burris
|
Pitching: RHP Norm Burris
|
|
Batting: LHB David Hunt
|
0-0: Fly out, F7 (Flyball, 7M)
|
Batting: RHB Orlando Trevino
|
0-0: Ground out 4-3 (Groundball, 4)
|
Batting: RHB Dave Henderson
|
0-0: Called Strike 0-1: Called Strike 0-2: Strikes out swinging
|
Top of the 1st over - 0 run(s), 0 hit(s), 0 error(s), 0 left on base; Milton 0 - Augusta 0 |
BOTTOM OF THE 1ST |
Augusta Timber Hawks batting - Pitching for Milton Bills : LHP Eric Baxter
|
Pitching: LHP Eric Baxter
|
|
Batting: RHB Billy Strauss
|
0-0: Ball 1-0: Called Strike 1-1: SINGLE (Groundball, 4MD)
|
Batting: SHB Lawrence Franklin
|
0-0: Ball 1-0: Ball 2-0: Swinging Strike 2-1: Foul Ball, location: 2F 2-2: 2-RUN HOME RUN (Flyball, 8RXD), Distance : 445 ft
|
Batting: SHB Tom Montgomery
|
0-0: Called Strike 0-1: Ball 1-1: Fly out, F7 (Flyball, 7M)
|
Batting: RHB Eddy Baxter
|
0-0: Foul Ball, location: 2F 0-1: Ground out 4-3 (Groundball, 34S)
|
Batting: RHB Rob Young
|
0-0: Called Strike 0-1: Foul Ball, location: 2F 0-2: Strikes out swinging
|
Bottom of the 1st over - 2 run(s), 2 hit(s), 0 error(s), 0 left on base; Milton 0 - Augusta 2 |
TOP OF THE 2ND |
Milton Bills batting - Pitching for Augusta Timber Hawks : RHP Norm Burris
|
Batting: LHB Johnny Hernández
|
0-0: Called Strike 0-1: Ball 1-1: Fly out, F7 (Popup, 5D)
|
Batting: LHB Edwin Church
|
0-0: Called Strike 0-1: Ball 1-1: Ball 2-1: DOUBLE (Groundball, 3L)
|
Batting: RHB Steve McLeod
|
0-0: SINGLE (Line Drive, 56D) Edwin Church to third
|
Batting: RHB Alden Wiley
|
0-0: Called Strike 0-1: Foul Ball, location: 2F 0-2: Foul Ball, location: 2F 0-2: Ball 1-2: Ball Steve McLeod steals 2nd base 2-2: Foul Ball, location: 2F 2-2: Strikes out swinging
|
Batting: LHB Maxwell Ings
|
0-0: Called Strike 0-1: Ball 1-1: Foul Ball, location: 2F 1-2: Strikes out swinging
|
Top of the 2nd over - 0 run(s), 2 hit(s), 0 error(s), 2 left on base; Milton 0 - Augusta 2 |
BOTTOM OF THE 2ND |
Augusta Timber Hawks batting - Pitching for Milton Bills : LHP Eric Baxter
|
Batting: RHB Dave Bush
|
0-0: SOLO HOME RUN (Flyball, 7LD), Distance : 368 ft
|
Batting: SHB José Salazar
|
0-0: Ball 1-0: Ground out 6-3 (Groundball, 6)
|
Batting: RHB Juan Banda
|
0-0: Ball 1-0: Ground out U3 (Groundball, 3)
|
Batting: SHB Jared Robinson
|
0-0: Swinging Strike 0-1: Fly out, F8 (Popup, 78M)
|
Bottom of the 2nd over - 1 run(s), 1 hit(s), 0 error(s), 0 left on base; Milton 0 - Augusta 3 |
TOP OF THE 3RD |
Milton Bills batting - Pitching for Augusta Timber Hawks : RHP Norm Burris
|
Batting: RHB Ken Thompson
|
0-0: SINGLE (Groundball, 56D)
|
Batting: LHB David Hunt
|
0-0: Foul Ball, location: 2F 0-1: Ball 1-1: Swinging Strike 1-2: Ball 2-2: Ball 3-2: DOUBLE (Groundball, 5L) Ken Thompson to third
|
Batting: RHB Orlando Trevino
|
0-0: Ball 1-0: Fly out, F3 (Line Drive, 3S)
|
Batting: RHB Dave Henderson
|
0-0: Ball 1-0: Ball 2-0: Called Strike 2-1: Ball 3-1: Foul Ball, location: 2F 3-2: Fly out, F8 (Line Drive, 8RM) Runner from 3rd tags up, SCORES, throw made
|
Batting: LHB Johnny Hernández
|
0-0: Ball 1-0: SINGLE (Groundball, 34D) David Hunt to third Runner from 3rd tries for Home, SAFE, no throw or cutoff
|
Batting: LHB Edwin Church
|
0-0: Ball 1-0: SINGLE (Line Drive, 8LS) Johnny Hernández to second
|
Batting: RHB Steve McLeod
|
0-0: Ball 1-0: Called Strike 1-1: Swinging Strike 1-2: Strikes out swinging
|
Top of the 3rd over - 2 run(s), 4 hit(s), 0 error(s), 2 left on base; Milton 2 - Augusta 3 |
BOTTOM OF THE 3RD |
Augusta Timber Hawks batting - Pitching for Milton Bills : LHP Eric Baxter
|
Batting: RHB Billy Strauss
|
0-0: Reached on error, E5 (Groundball, 56)
|
Batting: SHB Lawrence Franklin
|
0-0: Ball 1-0: Foul Ball, location: 2F 1-1: Ball 2-1: DOUBLE (Line Drive, 3L) Billy Strauss scores
|
Batting: SHB Tom Montgomery
|
0-0: Swinging Strike 0-1: SINGLE (Line Drive, 4MD) Lawrence Franklin to third
|
Batting: RHB Eddy Baxter
|
0-0: Ball 1-0: Called Strike 1-1: Swinging Strike 1-2: Fly out, F4 (Popup, 4S)
|
Batting: RHB Rob Young
|
0-0: Ball 1-0: Ball 2-0: Called Strike 2-1: Ball 3-1: Fly out, F7 (Flyball, 78M) Runner from 3rd tags up, SCORES, no throw
|
Batting: RHB Dave Bush
|
0-0: Called Strike 0-1: Reached on error, E6 (Groundball, 6) Tom Montgomery to second
|
Batting: SHB José Salazar
|
0-0: TRIPLE (Flyball, 8RXD) Tom Montgomery scores Dave Bush scores
|
Pitching: RHP Alberto Medina
|
|
Batting: RHB Juan Banda
|
0-0: Swinging Strike 0-1: Ball 1-1: Ball 2-1: Ball 3-1: Swinging Strike 3-2: Strikes out swinging
|
Bottom of the 3rd over - 4 run(s), 3 hit(s), 2 error(s), 1 left on base; Milton 2 - Augusta 7 |
TOP OF THE 4TH |
Milton Bills batting - Pitching for Augusta Timber Hawks : RHP Norm Burris
|
Batting: RHB Alden Wiley
|
0-0: SINGLE (Groundball, 6M)
|
Batting: LHB Maxwell Ings
|
0-0: Called Strike 0-1: Fly out, F8 (Flyball, 8RM)
|
Batting: RHB Ken Thompson
|
0-0: Ball 1-0: Ball 2-0: Reached on error, E6 (Groundball, 6) Alden Wiley to second
|
Batting: LHB David Hunt
|
0-0: Ball 1-0: Ball 2-0: Called Strike 2-1: Ball 3-1: Base on Balls Alden Wiley to third Ken Thompson to second
|
Batting: RHB Orlando Trevino
|
0-0: Ball 1-0: Swinging Strike 1-1: Ball 2-1: Ball 3-1: Swinging Strike 3-2: Fly out, F4 (Popup, 4)
|
Batting: RHB Dave Henderson
|
0-0: Swinging Strike 0-1: Ball 1-1: Swinging Strike 1-2: Ground out 6-3 (Groundball, 6)
|
Top of the 4th over - 0 run(s), 1 hit(s), 1 error(s), 3 left on base; Milton 2 - Augusta 7 |
BOTTOM OF THE 4TH |
Augusta Timber Hawks batting - Pitching for Milton Bills : RHP Alberto Medina
|
Batting: SHB Jared Robinson
|
0-0: Ball 1-0: Ball 2-0: Called Strike 2-1: Ball 3-1: Base on Balls
|
Batting: RHB Billy Strauss
|
0-0: DOUBLE (Line Drive, 78M) Jared Robinson to third Runner from 3rd tries for Home, SAFE, no throw or cutoff
|
Batting: SHB Lawrence Franklin
|
0-0: Fly out, F7 (Flyball, 7D)
|
Batting: SHB Tom Montgomery
|
0-0: Ball 1-0: Ball 2-0: Ball 3-0: Base on Balls
|
Batting: RHB Eddy Baxter
|
0-0: Called Strike 0-1: Called Strike 0-2: SINGLE (Flyball, 78S) Billy Strauss to third Tom Montgomery to second
|
Batting: RHB Rob Young
|
0-0: Called Strike 0-1: Swinging Strike 0-2: Grounds into double play, 6-4-3 (Groundball, 6)
|
Bottom of the 4th over - 1 run(s), 2 hit(s), 0 error(s), 2 left on base; Milton 2 - Augusta 8 |
TOP OF THE 5TH |
Milton Bills batting - Pitching for Augusta Timber Hawks : RHP Norm Burris
|
Batting: LHB Johnny Hernández
|
0-0: Ball 1-0: Fly out, F8 (Flyball, 8RD)
|
Batting: LHB Edwin Church
|
0-0: Ball 1-0: Ball 2-0: SINGLE (Groundball, 34D)
|
Batting: RHB Steve McLeod
|
0-0: Fly out, F7 (Flyball, 7M)
|
Batting: RHB Alden Wiley
|
0-0: Called Strike 0-1: Ball 1-1: Ball 2-1: Foul Ball, location: 2F 2-2: Fielders Choice at 2nd, U6 (Groundball, 6M)
|
Top of the 5th over - 0 run(s), 1 hit(s), 0 error(s), 1 left on base; Milton 2 - Augusta 8 |
BOTTOM OF THE 5TH |
Augusta Timber Hawks batting - Pitching for Milton Bills : RHP Alberto Medina
|
Batting: RHB Dave Bush
|
0-0: Ball 1-0: Called Strike 1-1: Ball 2-1: Ball 3-1: SINGLE (Groundball, 5D)
|
Batting: SHB José Salazar
|
0-0: Ball 1-0: Fly out, F8 (Line Drive, 8LM)
|
Batting: RHB Juan Banda
|
0-0: Fly out, F9 (Flyball, 9LS)
|
Batting: SHB Jared Robinson
|
0-0: Called Strike 0-1: Fly out, F7 (Flyball, 8LD)
|
Bottom of the 5th over - 0 run(s), 1 hit(s), 0 error(s), 1 left on base; Milton 2 - Augusta 8 |
TOP OF THE 6TH |
Milton Bills batting - Pitching for Augusta Timber Hawks : RHP Norm Burris
|
Batting: LHB Maxwell Ings
|
0-0: Ball 1-0: Ball 2-0: Ground out 6-3 (Groundball, 6)
|
Batting: RHB Ken Thompson
|
0-0: Ball 1-0: Called Strike 1-1: Ground out 4-3 (Groundball, 4)
|
Batting: LHB David Hunt
|
0-0: Ball 1-0: Called Strike 1-1: Ball 2-1: Foul Ball, location: 2F 2-2: Ball 3-2: DOUBLE (Line Drive, 3D)
|
Batting: RHB Orlando Trevino
|
0-0: Ball 1-0: Foul Ball, location: 2F 1-1: Foul Ball, location: 2F 1-2: Strikes out swinging
|
Top of the 6th over - 0 run(s), 1 hit(s), 0 error(s), 1 left on base; Milton 2 - Augusta 8 |
BOTTOM OF THE 6TH |
Augusta Timber Hawks batting - Pitching for Milton Bills : RHP Alberto Medina
|
Batting: RHB Billy Strauss
|
0-0: Foul Ball, location: 2F 0-1: Swinging Strike 0-2: Strikes out swinging
|
Batting: SHB Lawrence Franklin
|
0-0: Hit by Pitch
|
Batting: SHB Tom Montgomery
|
0-0: Called Strike 0-1: Called Strike 0-2: Strikes out swinging
|
Batting: RHB Eddy Baxter
|
0-0: Ball Lawrence Franklin steals 2nd base 1-0: Called Strike 1-1: Ball 2-1: Ball 3-1: Called Strike 3-2: Base on Balls
|
Batting: RHB Rob Young
|
0-0: Ball 1-0: Ball 2-0: Ball 3-0: Called Strike 3-1: Base on Balls Lawrence Franklin to third Eddy Baxter to second
|
Batting: RHB Dave Bush
|
0-0: Ground out 5-3 (Groundball, 56)
|
Bottom of the 6th over - 0 run(s), 0 hit(s), 0 error(s), 3 left on base; Milton 2 - Augusta 8 |
BOTTOM OF THE 7TH |
Augusta Timber Hawks batting - Pitching for Milton Bills : RHP Alberto Medina
|
Pitching: RHP Luke Merkley
|
|
Batting: SHB José Salazar
|
0-0: Called Strike 0-1: Ball 1-1: Ball 2-1: Ball 3-1: Base on Balls
|
Batting: RHB Juan Banda
|
0-0: Ball 1-0: Foul Ball, location: 2F 1-1: Foul Ball, location: 2F 1-2: Ball 2-2: Reached on error, E5 (Groundball, 56S) José Salazar to third
|
Batting: SHB Jared Robinson
|
0-0: Called Strike 0-1: Ball 1-1: Fly out, F7 (Flyball, 7M) Runner from 3rd tags up, SCORES, no throw
|
Batting: RHB Billy Strauss
|
0-0: Ball 1-0: Ball 2-0: Ground out 4-3 (Groundball, 4) Juan Banda to third
|
Batting: SHB Lawrence Franklin
|
0-0: Called Strike 0-1: Ball 1-1: Ball 2-1: Ball 3-1: SINGLE (Groundball, 6MD) Juan Banda scores
|
Batting: SHB Tom Montgomery
|
0-0: Called Strike 0-1: Ball 1-1: Ground out 1-3 (Groundball, 23)
|
Bottom of the 7th over - 2 run(s), 1 hit(s), 1 error(s), 1 left on base; Milton 3 - Augusta 10 |
TOP OF THE 8TH |
Milton Bills batting - Pitching for Augusta Timber Hawks : RHP Norm Burris
|
Batting: LHB Maxwell Ings
|
0-0: Called Strike 0-1: Ball 1-1: Ball 2-1: SINGLE (Groundball, 56)
|
Batting: RHB Ken Thompson
|
0-0: Ball 1-0: Ball 2-0: Foul Ball, location: 2F 2-1: Called Strike 2-2: Strikes out swinging
|
Pitching: LHP Josh Cox
|
|
Batting: LHB David Hunt
|
0-0: Ball 1-0: Ball 2-0: Called Strike 2-1: Ball 3-1: Called Strike 3-2: Foul Ball, location: 2F 3-2: Base on Balls Maxwell Ings to second
|
Batting: RHB Orlando Trevino
|
0-0: SINGLE (Groundball, 6D) Maxwell Ings to third David Hunt to second Runner from 3rd tries for Home, throw and OUT! David Hunt to third Orlando Trevino to second
|
Batting: RHB Dave Henderson
|
0-0: Ball 1-0: Fly out, F8 (Flyball, 8LM)
|
Top of the 8th over - 0 run(s), 2 hit(s), 0 error(s), 2 left on base; Milton 3 - Augusta 10 |
BOTTOM OF THE 8TH |
Augusta Timber Hawks batting - Pitching for Milton Bills : RHP Luke Merkley
|
Batting: RHB Phil Hayes
|
0-0: Foul Ball, location: 2F 0-1: Swinging Strike 0-2: Strikes out swinging
|
Batting: RHB Rob Young
|
0-0: Ball 1-0: Called Strike 1-1: Ball 2-1: Foul Ball, location: 2F 2-2: Ground out 5-3 (Groundball, 56)
|
Batting: RHB Dave Bush
|
0-0: Called Strike 0-1: Ball 1-1: Foul Ball, location: 2F 1-2: Strikes out swinging
|
Bottom of the 8th over - 0 run(s), 0 hit(s), 0 error(s), 0 left on base; Milton 3 - Augusta 10 |
TOP OF THE 9TH |
Milton Bills batting - Pitching for Augusta Timber Hawks : LHP Josh Cox
|
Batting: LHB Johnny Hernández
|
0-0: Called Strike 0-1: Ball 1-1: Swinging Strike 1-2: Foul Ball, location: 2F 1-2: Ball 2-2: Ground out 6-3 (Groundball, 6M)
|
Batting: LHB Edwin Church
|
0-0: Ball 1-0: SINGLE (Line Drive, 8RS)
|
Batting: RHB Steve McLeod
|
0-0: Foul Ball, location: 2F 0-1: Foul Ball, location: 2F 0-2: Ground out 5-3 (Groundball, 5S) Edwin Church to second
|
Pinch Hitting: RHB Luis Silva
|
0-0: Foul Ball, location: 2F 0-1: Foul Ball, location: 2F 0-2: Ground out 6-3 (Groundball, 6M)
|
Top of the 9th over - 0 run(s), 1 hit(s), 0 error(s), 1 left on base; Milton 3 - Augusta 10 |
|